 Dungeon Crawl Stone Soup version 0.20.0-10-g0535bb4 (webtiles) character file.

3710 Reinor the Thaumaturge (level 9, 0/44 HPs)
             Began as a Spriggan Earth Elementalist on June 4, 2017.
             Was an Initiate of Vehumet.
             Killed from afar by a deep elf mage (14 damage)
             ... with an orb of energy
             ... in a bailey.
             The game lasted 00:30:23 (8361 turns).

Reinor the Thaumaturge (SpEE)                       Turns: 8361, Time: 00:30:24

Health: 0/44       AC:  2    Str:  4    XL:     9   Next: 91%
Magic:  15/23      EV: 23    Int: 20    God:    Vehumet [......]
Gold:   264        SH:  0    Dex: 16    Spells: 11/27 levels left

rFire    . . .     SeeInvis +   i - +2 rapier (protect)
rCold    + . .     Gourm    .   (shield restricted)
rNeg     . . .     Faith    .   c - +0 robe
rPois    .         Spirit   .   (helmet restricted)
rElec    .         Reflect  .   (no cloak)
rCorr    .         Harm     .   (gloves unavailable)
MR       +....                  (boots unavailable)
Stlth    ++........             G - amulet of magic regeneration
Regen    0.2/turn               s - ring of protection from cold
MPRegen  0.3/turn               C - +3 ring of slaying

@: very quick
A: unfitting armour, see invisible, herbivore 3, speed 3, slow metabolism 2
a: Renounce Religion


You were in a bailey.
You worshipped Vehumet.
Vehumet was noncommittal.
You were not hungry.

You visited 2 branches of the dungeon, and saw 8 of its levels.
You also visited: Sewer and Bailey.

You collected 352 gold pieces.
You spent 88 gold pieces at shops.

Inventory:

Hand Weapons
 i - a +2 rapier of protection (weapon)
 t - a +1 blowgun
 x - a +1 dagger of venom
Missiles
 m - 10 curare-tipped needles
 u - 14 poisoned needles
Armour
 c - a +0 robe (worn)
Jewellery
 l - an uncursed ring of positive energy
 o - a +1 ring of evasion
 s - a ring of protection from cold (left hand)
 w - an uncursed ring of fire
 C - a +3 ring of slaying (right hand)
 G - an amulet of magic regeneration (around neck)
Wands
 f - a wand of polymorph (12/24)
 n - a wand of flame (26/48)
 D - a wand of disintegration (15/24)
 E - a wand of polymorph (18/24)
 F - a wand of scattershot (1/9)
Scrolls
 p - 2 scrolls of blinking
 v - a scroll of fog
 y - 3 scrolls of amnesia
 B - 2 scrolls of remove curse
 J - 3 scrolls of fear
Potions
 a - 5 potions of mutation
 e - 3 potions of agility
 g - 3 potions of haste
 h - 7 potions of curing
 j - 3 potions of might
 k - a potion of brilliance
 q - 3 potions of flight
 A - 4 potions of lignification
Books
 H - a book of Cantrips

   Spells                             Type                      Level
   a - Confusing Touch                Hexes                        1
   b - Animate Skeleton               Necromancy                   1
   c - Summon Small Mammal            Summoning                    1
   d - Apportation                    Translocation                1
Comestibles
 d - 2 bread rations
 z - a royal jelly


   Skills:
 - Level 3.0 Fighting
 - Level 8.0 Dodging
 - Level 3.0 Stealth
 + Level 9.5 Spellcasting
 - Level 3.1 Conjurations
 - Level 6.1 Transmutations
 + Level 7.7 Earth Magic


You had 11 spell levels left.
You knew the following spells:

 Your Spells              Type           Power        Failure   Level  Hunger
a - Sandblast             Erth           #####.       1%          1    None
b - Passwall              Tmut/Erth      #####.....   1%          2    None
c - Stone Arrow           Conj/Erth      ####..       2%          3    None
d - Petrify               Tmut/Erth      #####...     4%          4    ##.....
e - Lee's Rapid Deconstr  Erth           #####.....   9%          5    #####..
f - Apportation           Tloc           #.....       8%          1    None


Dungeon Overview and Level Annotations

Branches:
Dungeon (7/15)             Temple (1/1) D:5

Altars:
Ashenzari
Elyvilon
Gozag
Makhleb
Qazlal
Ru
Sif Muna
Trog
Vehumet
Xom
Yredelemnul
Zin

Shops:
D:5 *

Annotations:
D:7 Menkaure


Innate Abilities, Weirdness & Mutations

You are very small and have problems with some larger weapons.
You are too small for most types of armour.
You have supernaturally acute eyesight. (SInv)
You are a herbivore.
You cover ground extremely quickly.
You need consume almost no food.


Message History

Casting: Stone Arrow
Confirm with . or Enter, or press ? or * to list all spells.
Aiming: Stone Arrow
Press: ? - help, Shift-Dir - straight line, f/p - deep elf mage
Aim: a deep elf mage, wielding a dagger and wearing a ring mail (moderately wounded)
The stone arrow hits the deep elf mage.
The deep elf mage is severely wounded.
The deep elf mage casts a spell.
The deep elf mage conjures a globe of magical energy!
A battlesphere comes into view.
Casting: Stone Arrow
Confirm with . or Enter, or press ? or * to list all spells.
Aiming: Stone Arrow
Press: ? - help, Shift-Dir - straight line, f/p - deep elf mage
Aim: a deep elf mage, wielding a dagger and wearing a ring mail (heavily wounded)
The stone arrow hits the battlesphere.
The battlesphere is almost destroyed.
The deep elf mage points at you and mumbles some strange words.
The orb of energy hits you!
You die...

#####
######...##
##).##..)..#
#....#.....#
#....##...##
..
##..##'######.
###.@.###...##
#...).#.....#
#..∩).#.....#
#.*...#.....#
##...e#.e..#
#####'#
#....#....#
#..... .....#
#..... .....#


You could see a deep elf mage and a battlesphere.

Vanquished Creatures
  5 deep elf magi (Bailey)
  Sigmund (D:2)
  An orc warrior (D:4)
  An ice beast (D:5)
  A black bear (D:7)
  A centaur (D:5)
  A big kobold (Sewer)
  A bullfrog (D:6)
  A scorpion (D:7)
  3 crimson imps
  A centaur zombie (D:5)
  A bullfrog zombie (D:5)
  4 hounds
  3 quasits (D:5)
  2 jellies
  4 orc priests
  An iguana (D:5)
  2 orc wizards (D:4)
  4 worker ants
  2 worker ant zombies (D:5)
  10 adders
  2 river rats
  2 shadow imps (D:7)
  4 oozes
  2 adder skeletons
  2 worms (D:3)
  7 leopard geckos
  10 orcs
  4 bats
  8 giant cockroaches
  9 goblins
  6 hobgoblins
  11 kobolds
  2 quokkas
  2 ball pythons
  A ball python skeleton (D:4)
  6 frilled lizards
  13 rats
141 creatures vanquished.

Notes
Turn   | Place    | Note
-------+----------+-------------------------------------------
     0 | D:1      | Reinor the Spriggan Earth Elementalist began the quest for the Orb.
     0 | D:1      | Reached XP level 1. HP: 9/9 MP: 5/5
   306 | D:1      | Reached skill level 3 in Spellcasting
   306 | D:1      | Reached XP level 2. HP: 8/13 MP: 2/7
   521 | D:1      | Learned a level 2 spell: Passwall
  1726 | D:2      | Reached XP level 3. HP: 16/16 MP: 5/8
  1834 | D:2      | Found an opulent altar of Gozag.
  1860 | D:2      | Found a stormy altar of Qazlal.
  2234 | D:2      | Found a sacrificial altar of Ru.
  2255 | D:2      | Noticed Sigmund
  2276 | D:2      | Killed Sigmund
  2276 | D:2      | Reached skill level 5 in Dodging
  2276 | D:2      | Reached skill level 4 in Spellcasting
  2276 | D:2      | Reached XP level 4. HP: 9/21 MP: 3/11
  2276 | D:2      | Reached XP level 5. HP: 10/24 MP: 3/12
  2646 | D:3      | Reached XP level 6. HP: 27/28 MP: 11/14
  2663 | D:3      | Learned a level 3 spell: Stone Arrow
  2744 | D:3      | Found a glowing drain.
  2749 | Sewer    | Entered a sewer
  3144 | Sewer    | Reached skill level 5 in Spellcasting
  3854 | D:3      | Learned a level 4 spell: Petrify
  3860 | D:3      | Learned a level 5 spell: Lee's Rapid Deconstruction
  4473 | D:4      | Found a shattered altar of Ashenzari.
  4676 | D:4      | Reached XP level 7. HP: 32/32 MP: 13/16
  4959 | D:4      | Reached skill level 5 in Earth Magic
  5110 | D:4      | Reached skill level 6 in Spellcasting
  5362 | D:5      | Entered Level 5 of the Dungeon
  5716 | D:5      | Found Coen's General Store.
  5761 | D:5      | Bought a potion of lignification for 33 gold pieces
  5761 | D:5      | Bought a scroll of identify for 22 gold pieces
  5761 | D:5      | Bought a potion of curing for 33 gold pieces
  5955 | D:5      | Found a staircase to the Ecumenical Temple.
  5979 | Temple   | Entered the Ecumenical Temple
  6034 | Temple   | Became a worshipper of Vehumet
  6125 | D:5      | Reached XP level 8. HP: 21/36 MP: 15/18
  6179 | D:5      | HP: 1/36 [centaur/arrow (9)]
  6494 | D:5      | Reached skill level 1 in Conjurations
  6650 | D:5      | Reached skill level 7 in Spellcasting
  7542 | D:7      | Found a bloodstained altar of Trog.
  7713 | D:7      | Noticed Menkaure
  7774 | D:7      | Found a flagged portal.
  7793 | D:7      | Got a fine spear
  7814 | Bailey   | Entered a bailey
  7909 | Bailey   | Noticed a deep elf mage
  7915 | Bailey   | Killed a deep elf mage
  7915 | Bailey   | Reached skill level 8 in Spellcasting
  7915 | Bailey   | Reached skill level 5 in Transmutations
  7915 | Bailey   | Reached XP level 9. HP: 39/39 MP: 16/22
  7941 | Bailey   | Noticed a deep elf mage
  7945 | Bailey   | Killed a deep elf mage
  7952 | Bailey   | Noticed a deep elf mage
  7953 | Bailey   | Noticed a deep elf mage
  7959 | Bailey   | Killed a deep elf mage
  7959 | Bailey   | Reached skill level 1 in Fighting
  7979 | Bailey   | Learned a level 1 spell: Apportation
  8015 | Bailey   | Killed a deep elf mage
  8015 | Bailey   | Reached skill level 9 in Spellcasting
  8121 | Bailey   | Noticed a deep elf mage
  8128 | Bailey   | Killed a deep elf mage
  8357 | Bailey   | Noticed a deep elf mage
  8361 | Bailey   | Killed from afar by a deep elf mage

Skill      XL: |  1  2  3  4  5  6  7  8  9 |
---------------+----------------------------+-----
Spellcasting   | 3 4 5 6 8 9 |  9.5
Earth Magic    | 3 4 5 6 7 |  7.7
Dodging        | 4 5 6 7 8 |  8.0
Transmutations | 2 5 6 |  6.1
Conjurations   | 2 3 |  3.1
Fighting       | 3 |  3.0
Stealth        | |  3.0

Action                   |  1- 3 |  4- 6 |  7- 9 || total
-------------------------+-------+-------+-------++-------
Melee: Unarmed           |   185 |       |       ||   185
       Rapier            |    13 |   149 |    98 ||   260
 Cast: Sandblast         |    27 |    31 |   111 ||   169
       Passwall          |       |       |     2 ||     2
       Stone Arrow       |       |       |    11 ||    11
  Use: Scroll            |     3 |     7 |     9 ||    19
       Potion            |       |     1 |     2 ||     3
 Stab: Sleeping          |     9 |     3 |     4 ||    16
  Eat: Bread ration      |       |     1 |       ||     1
Armor: Robe              |    27 |    16 |     7 ||    50
Dodge: Dodged            |   215 |   168 |   164 ||   547
